 Dungeon Crawl Stone Soup version 0.23-a0-650-ga4d50d4 (webtiles) character file.

71 Borgoz the Skirmisher (level 4, -18/29 HPs)
             Began as a Kobold Fighter on Jan 2, 2019.
             Demolished by an orc warrior
             ... wielding a +0 flail
              (22 damage)
             ... on level 3 of the Dungeon.
             The game lasted 00:06:39 (2671 turns).

Borgoz the Skirmisher (Kobold Fighter)              Turns: 2671, Time: 00:06:40

Health: -18/29     AC:  7    Str: 11 (13) XL:     4   Next: 47%
Magic:  4/4        EV:  9    Int:  9      God:
Gold:   195        SH:  8    Dex: 15      Spells: 3/3 levels left

rFire    . . .     SeeInvis .   a - +0 rapier
rCold    . . .     Gourm    .   c - +0 shield
rNeg     . . .     Faith    .   b - +0 scale mail
rPois    .         Spirit   .   u - +1 hat
rElec    .         Reflect  .   (no cloak)
rCorr    +         Harm     .   (no gloves)
MR       .....                  (no boots)
Stlth    +.........             (no amulet)
HPRegen  0.09/turn              p - ring of resist corrosion
MPRegen  0.09/turn              (no ring)

@: no status effects
A: small, carnivore
a: no special abilities


You were on level 3 of the Dungeon.
You were not hungry.

You visited 1 branch of the dungeon, and saw 4 of its levels.

You collected 195 gold pieces.

Inventory:

Hand Weapons
 a - a +0 rapier (weapon)
Armour
 b - a +0 scale mail (worn)
 c - a +0 shield (worn)
 m - a +0 ring mail
 u - a +1 hat (worn)
Jewellery
 p - a ring of resist corrosion (left hand)
 v - an uncursed ring of wizardry {unknown}
Wands
 t - a wand of flame (15)
Scrolls
 e - 4 scrolls of magic mapping {unknown}
 i - a scroll of fear {unknown}
 n - a scroll of blinking {unknown}
 q - 2 scrolls of enchant weapon {unknown}
 s - a scroll of remove curse {unknown}
 w - a scroll of amnesia {unknown}
 x - a scroll of identify {unknown}
Potions
 d - a potion of might
 g - a potion of magic {unknown}
 h - 2 potions of haste {unknown}
 j - a potion of flight {unknown}
 k - 2 potions of curing
 l - a potion of resistance {unknown}
 o - a potion of invisibility {unknown}
 r - a potion of ambrosia {unknown}
Comestibles
 f - 10 rations


   Skills:
 + Level 3.7 Fighting
 + Level 3.5 Short Blades
 + Level 2.8 Armour
 + Level 1.9 Dodging
 + Level 2.2 Stealth
 - Level 2.4 Shields


You had 3 spell levels left.
You didn't know any spells.
Your spell library was empty.

Dungeon Overview and Level Annotations

Branches:
Dungeon (4/15)
 Temple: D:4-7

Altars:
Okawaru


Innate Abilities, Weirdness & Mutations

You are small and have problems with some larger weapons.
You are carnivorous and can eat meat at any time.


Message History

You hit the orc warrior.
The orc warrior is lightly wounded.
Your shield prevents you from hitting the orc warrior.
The orc warrior is lightly wounded.
The orc warrior barely misses you.
You hit the orc warrior but do no damage.
The orc warrior is lightly wounded.
The orc warrior hits you with a +0 flail!
Ouch! That really hurt!
* * * LOW HITPOINT WARNING * * *
You are too injured to fight recklessly!
You are too injured to fight recklessly!
Okay, then.
There is a stone staircase leading up here.
The orc warrior closely misses you.
You climb upwards.
There is a stone staircase leading down here.
The orc warrior hits you with a +0 flail!!
Ouch! That really hurt!
You die...

#........##..###
#...##...###...#
#...####>.......
##### ######...
###. ######## ##
#......# #####
#o.....# ##...#
#>@....# ##.....
#......### #......
#....)...####......
#......#....#......
###########.......)
###...... #......
#.(.... ##.....


You could see an orc warrior.

Vanquished Creatures
  An adder (D:3)
  2 oozes (D:1)
  A worm (D:2)
  2 dart slugs (D:1)
  3 leopard geckos (D:1)
  An orc (D:3)
  2 giant cockroaches
  6 goblins
  6 hobgoblins
  A quokka (D:3)
  2 ball pythons (D:3)
  3 bats (D:1)
  2 frilled lizards
  8 kobolds
  A rat (D:2)
41 creatures vanquished.

Notes
Turn   | Place    | Note
-------+----------+-------------------------------------------
     0 | D:1      | Borgoz the Kobold Fighter began the quest for the Orb.
     0 | D:1      | Reached XP level 1. HP: 14/14 MP: 1/1
   452 | D:1      | Reached XP level 2. HP: 17/19 MP: 2/2
   549 | D:1      | Reached skill level 1 in Stealth
   645 | D:1      | Reached skill level 1 in Dodging
   647 | D:1      | Reached XP level 3. HP: 19/23 MP: 3/3
  1799 | D:3      | Reached XP level 4. HP: 10/29 MP: 4/4
  2165 | D:3      | Found an iron altar of Okawaru.
  2645 | D:4      | Noticed an orc warrior
  2671 | D:3      | Demolished by an orc warrior

Vault maps used:
D:1:      scummos_arrival_simple_crosswalls
D:2:      first_ration
D:3:      kennysheep_okawaru_gauntlet
D:4:      hangedman_decor_lopped, hex_intersection

Skill      XL: |  1  2  3 |
---------------+----------+-----
Stealth        | 1 2 |  2.2
Short Blades   | 3 |  3.5
Dodging        | 1 |  1.9
Fighting       | |  3.7
Armour         | |  2.8
Shields        | |  2.4

Action                   |  1- 3 |  4- 6 || total
-------------------------+-------+-------++-------
Melee: Rapier            |   101 |    92 ||   193
Evoke: Wand              |       |     4 ||     4
  Use: Potion            |     1 |       ||     1
  Eat: Chunk             |     5 |     4 ||     9
Armor: Scale mail        |    31 |    25 ||    56
Dodge: Dodged            |    26 |    29 ||    55
Block: Shield            |    38 |    39 ||    77

Table legend:
 A = Non-vault XP
 B = Vault XP
 C = Vault XP percentage of total XP
 D = Non-vault monster count
 E = Vault monster count
 F = Vault count percentage of total count
                 A         B        C        D         E       F
            +---------+---------+-------+---------+---------+-------
      Total |     102 |       0 |   0.0 |      41 |       0 |   0.0
            +---------+---------+-------+---------+---------+-------
        D:1 |      52 |       0 |   0.0 |      20 |       0 |   0.0
        D:2 |       8 |       0 |   0.0 |       4 |       0 |   0.0
        D:3 |      39 |       0 |   0.0 |      15 |       0 |   0.0
        D:4 |       3 |       0 |   0.0 |       2 |       0 |   0.0
            +---------+---------+-------+---------+---------+-------
